 Dungeon Crawl Stone Soup version 0.27-a0-1084-g78b3836a5f (webtiles) character file.

Game seed: 3404838063539762029

50707 tilp the Dancer (level 14, -2/77 HPs)
             Began as a Vine Stalker Brigand on Apr 26, 2021.
             Was an Elder of Uskayaw.
             Slain by a tyrant leech (18 damage)
             ... on level 6 of the Lair of Beasts.
             The game lasted 00:33:47 (17696 turns).

tilp the Dancer (Vine Stalker Brigand)             Turns: 17696, Time: 00:33:48

Health: -2/77      AC: 14    Str: 16    XL:     14   Next: 56%
Magic:  0/25       EV: 13    Int: 14    God:    Uskayaw [****..]
Gold:   538        SH: 10    Dex: 21    Spells: 13/13 levels left

rFire    . . .     SeeInvis .   a - +5 dagger (elec)
rCold    + + .     Faith    +   H - +0 kite shield
rNeg     . . .     Spirit   +   v - +4 ring mail "Eclomm" {rPois}
rPois    +         Reflect  .   F - +2 helmet of Apathy {rC+ Regen+ Str+2 Stlth+}
rElec    .         Harm     .   G - +0 cloak "Raydex" {rC+ Regen+ Int+3}
rCorr    .         Rampage  .   T - +0 pair of gloves
Will     ++...                  (no boots)
Stlth    ++++++....             S - amulet of faith
HPRegen  3.22/turn              f - ring of willpower
MPRegen  0.19/turn              j - +4 ring of slaying

@: no status effects
A: fangs 3, regeneration 1, magic shield, antimagic bite, no potion heal 2
a: Renounce Religion, Stomp, Line Pass


You were on level 6 of the Lair of Beasts.
You worshipped Uskayaw.
Uskayaw was pleased with you.
You visited 4 branches of the dungeon, and saw 19 of its levels.
You also visited: Gauntlet.

You collected 1646 gold pieces.
You spent 1108 gold pieces at shops.

Inventory:

Hand Weapons
 a - a +5 dagger of electrocution (weapon)
 b - a +3 scimitar of flaming
 D - a +2 dagger of flaming
 Q - a +3 vampiric dagger
Missiles
 d - 11 poisoned darts (quivered)
 e - 11 curare-tipped darts {!f}
 l - 14 boomerangs
 q - 3 javelins
 L - 19 silver javelins
Armour
 c - a +0 cloak
 s - the +2 chain mail of Deutorycwu {+Inv}
   (You bought it in a shop on level 2 of the Dungeon)

   It lets you turn invisible.
 t - a +0 plate armour of cold resistance
 v - the +4 ring mail "Eclomm" (worn) {rPois}
   (You bought it in a shop on level 1 of the Orcish Mines)

   It protects you from poison.
 F - the +2 helmet of Apathy (worn) {rC+ Regen+ Str+2 Stlth+}
   (You bought it in a shop on level 2 of the Dungeon)

   It affects your strength (+2).
   It protects you from cold.
   It increases your rate of health regeneration.
   It makes you more stealthy.
 G - the +0 cloak "Raydex" (worn) {rC+ Regen+ Int+3}
   (You found it in a Gauntlet)

   It affects your intelligence (+3).
   It protects you from cold.
   It increases your rate of health regeneration.
 H - a +0 kite shield (worn)
 T - a +0 pair of gloves (worn)
Jewellery
 f - a ring of willpower (left hand)
 j - a +4 ring of slaying (right hand)
 m - a ring of positive energy
 w - an amulet of the acrobat
 M - a ring of willpower
 S - an amulet of faith (around neck)
Wands
 A - a wand of charming (25)
 E - a wand of polymorph (18)
 J - a wand of flame (79)
 O - a wand of mindburst (20)
 P - a wand of paralysis (17)
Scrolls
 k - 8 scrolls of teleportation
 n - 2 scrolls of blinking
 o - 5 scrolls of immolation
 r - 3 scrolls of fog
 u - 11 scrolls of identify
 y - a scroll of magic mapping
 R - a scroll of vulnerability
Potions
 g - 3 potions of lignification
 h - 3 potions of magic
 i - 11 potions of curing
 p - 11 potions of ambrosia
 z - 2 potions of might
 B - 4 potions of haste
 I - 2 potions of resistance
 K - 4 potions of mutation
 N - a potion of invisibility
Miscellaneous
 x - a box of beasts
 C - a piece from Xom's chessboard (15/15)


   Skills:
 + Level 10.5 Fighting
 - Level 10.0 Short Blades
 - Level 1.7 Throwing
 - Level 8.0 Dodging
 - Level 12.0 Stealth
 - Level 4.0 Shields
 + Level 13.7 Invocations
 - Level 4.0 Evocations


You had 13 spell levels left.
You didn't know any spells.
Your spell library contained the following spells:

 Spells                   Type           Power      Damage    Failure   Level
 Beastly Appendage        Tmut           0%         N/A       93%         1
 Corona                   Hex            0%         N/A       93%         1
 Freeze                   Ice            0%         1d3       93%         1
 Slow                     Hex            0%         N/A       98%         2
 Wereblood                Tmut           0%         N/A       98%         2
 Confusing Touch          Hex            0%         N/A       100%        3
 Frozen Ramparts          Ice            0%         1d2       100%        3
 Gell's Gravitas          Tloc           0%         N/A       100%        3
 Inner Flame              Hex/Fire       0%         N/A       100%        3
 Ozocubu's Armour         Ice            0%         N/A       100%        3
 Portal Projectile        Hex/Tloc       0%         N/A       100%        3
 Spider Form              Tmut/Pois      0%         N/A       100%        3
 Cause Fear               Hex            0%         N/A       100%        4
 Hailstorm                Conj/Ice       0%         3d3       100%        4
 Ice Form                 Ice/Tmut       0%         N/A       100%        4
 Leda's Liquefaction      Hex/Erth       0%         N/A       100%        4
 Petrify                  Tmut/Erth      0%         N/A       100%        4
 Hydra Form               Tmut           0%         N/A       100%        5
 Metabolic Englaciation   Hex/Ice        0%         N/A       100%        5
 Silence                  Hex/Air        0%         N/A       100%        5
 Yara's Violent Unravell  Hex/Tmut       0%         3d3       100%        5
 Discord                  Hex            0%         N/A       100%        8


Dungeon Overview and Level Annotations

Branches:
Dungeon (11/15)            Temple (1/1) D:6            Lair (6/6) D:9
 Shoals (0/4) Lair:3       Spider (0/4) Lair:2        Slime (0/5) Lair:5
    Orc (1/2) D:10        Gauntlet (visited)

Altars:
Ashenzari
Cheibriados
Dithmenos
Elyvilon
Fedhas
Gozag
Hepliaklqana
Kikubaaqudgha
Makhleb
Nemelex Xobeh
Okawaru
Qazlal
Ru
Sif Muna
Trog
Uskayaw
Vehumet
Wu Jian
Xom
Yredelemnul
Zin
The Shining One
Beogh
Jiyva

Shops:
D:2 [*?   D:3 (   D:8 ?   Orc:1 [

Portals:
Trove: D:11 (give 6 scrolls of fog)

Annotations:
D:4 1 runed translucent door, ma3's ghost, novice OpCj
D:6 boulder beetle (behind door), exclusion: door
Lair:1 fire dragon lava, 1 exclusion
Lair:6 1 runed translucent door, 3 exclusions


Innate Abilities, Weirdness & Mutations

You have razor-sharp teeth.
Your natural rate of healing is unusually fast.
When hurt, damage is shared between your health and your magic reserves.
Your bite disrupts and absorbs the magic of your enemies.
Potions cannot restore your health.


Message History

The torpor snail bites you!
* * * LOW HITPOINT WARNING * * *
The tyrant leech bites you!
* * * LOW HITPOINT WARNING * * *
The tyrant leech draws strength from your injuries!
You are too injured to fight recklessly!
You are too injured to fight recklessly!
Unknown command.
You hit the lindwurm.
The lindwurm is severely wounded.
The lindwurm completely misses you. You block the lindwurm's attack.
The lindwurm claws you but does no damage.
The torpor snail bites you but does no damage.
The tyrant leech bites you!
* * * LOW HITPOINT WARNING * * *
The tyrant leech draws strength from your injuries!
You hit the lindwurm but do no damage.
Lightning courses through the lindwurm!!
You kill the lindwurm!
A nearby plant withers and dies.
The torpor snail bites you.
* * * LOW HITPOINT WARNING * * *
The tyrant leech misses you.
Uskayaw will force your foes to helplessly watch your dance.
Uskayaw prepares the audience for your solo!
The helpless torpor snail fails to defend itself.
You perforate the torpor snail like a sieve!!!!
You kill the torpor snail!
You feel yourself speed up.
The tyrant leech is no longer paralysed.
Uskayaw will force your foes to share their pain.
You barely miss the tyrant leech. You bite the tyrant leech.
You drain its power.
You feel invigorated.
The tyrant leech is lightly wounded.
The tyrant leech closely misses you.
You hit the tyrant leech but do no damage.
The tyrant leech is lightly wounded.
You hit the tyrant leech.
The tyrant leech is lightly wounded.
The tyrant leech bites you!!
You die...

###..##
##..........
.##...#
#..........
#.##..#
######.#.##
.....#### #######
##..P#..# #######
###.## .#..PP###
##.....# #....##
....P.P.#
#P..$..## ##.....#
..#.....#
#..w....# #.....##
##.#...##
##).@.).# ##.....#
*##...P.##
#PP...P## ###...#
**#####..##
###P..#.## #.##.P#
,** #....#
##...#.####††.##
,,* ##..###
##...#.##..†##
$,*##..##
##........##
$###...#
####.......######
#+#...##
#.#......####...##
##P..###
######....####
#.....#


You could see a tyrant leech.

Vanquished Creatures
  Gastronok (Lair:1)
  A minotaur (Gauntlet)
  5 hydras
  A hell beast (Gauntlet)
  A catoblepas (Lair:4)
  Erica (Lair:1)
  8 death yaks
  A two-headed ogre (D:11)
  Sonja (Lair:4)
  An orc knight (Orc:1)
  A lindwurm (Lair:6)
  A wolf spider (Lair:2)
  A manticore (Lair:3)
  Maurice (D:8)
  5 black mambas
  A centaur zombie (D:11)
  2 gargoyles (D:10)
  16 elephants
  Joseph (Lair:1)
  5 torpor snails (Lair:6)
  6 cane toads
  An unseen horror (shapeshifter) (D:10)
  A kobold demonologist (D:10)
  3 rime drakes
  7 komodo dragons
  A queen bee (Lair:4)
  2 polar bears
  4 trolls
  3 meliai (Lair:4)
  A wind drake (Lair:3)
  7 hornets (Lair:6)
  3 tyrant leeches (Lair:6)
  11 blink frogs
  Sigmund (D:5)
  A redback (Lair:2)
  A shadow (D:11)
  5 wyverns
  36 yaks
  3 basilisks
  A steam dragon (D:9)
  4 vampire mosquitoes (D:9)
  4 wargs
  3 acid dragons
  9 water moccasins
  A hell hound (Lair:6)
  3 black bears
  3 ogres
  An ice beast (D:8)
  A necrophage (D:6)
  8 orc warriors
  2 wolves
  4 centaurs
  A kobold brigand (D:8)
  8 bullfrogs
  3 scorpions
  A water moccasin zombie (D:5)
  A water moccasin skeleton (D:5)
  21 killer bees (Lair:4)
  5 howler monkeys
  3 wights (D:9)
  A bullfrog zombie (D:6)
  2 hounds
  4 orc priests
  A centaur skeleton (D:5)
  An iguana (D:6)
  8 orc wizards
  2 hell rats (D:9)
  A howler monkey zombie (D:10)
  3 adders
  4 gnolls (D:3)
  A howler monkey skeleton (D:7)
  A river rat (D:9)
  2 shadow imps (D:7)
  A white imp (D:7)
  2 ufetubi (D:5)
  4 worms
  2 dart slugs
  42 orcs
  9 ball pythons
  2 bats
  6 endoplasms
  2 giant cockroaches
  3 goblins
  11 hobgoblins
  2 jackals (D:5)
  15 kobolds
  8 quokkas
  2 frilled lizards
  7 rats
388 creatures vanquished.

Vanquished Creatures (others)
  A wizard (D:11)
  An orc (D:9)
  22 fungi
  23 plants
47 creatures vanquished.

Grand Total: 435 creatures vanquished

Notes
Turn   | Place    | Note
-------+----------+-------------------------------------------
     0 | D:1      | tilp the Vine Stalker Brigand began the quest for the Orb.
     0 | D:1      | Reached XP level 1. HP: 11/11 MP: 2/2
   386 | D:1      | Reached XP level 2. HP: 15/15 MP: 3/3
   416 | D:1      | Found a faded altar of an unknown god.
   962 | D:2      | Found Xyfrio Zonu's Magic Scroll Boutique.
   984 | D:2      | Bought a scroll of identify for 22 gold pieces
  1019 | D:2      | Bought a scroll of teleportation for 33 gold pieces
  1081 | D:2      | Reached XP level 3. HP: 19/19 MP: 4/4
  1238 | D:2      | Found Pionin's Armour Emporium.
  1460 | D:2      | Found Aryzut's Assorted Antiques.
  1691 | D:3      | Found Ylez's Antique Weapon Shop.
  1933 | D:3      | Gained mutation: Your natural rate of healing is unusually
                  | fast. [Vine Stalker growth]
  1933 | D:3      | Reached XP level 4. HP: 19/24 MP: 3/5
  2141 | D:3      | Found a white marble altar of Elyvilon.
  2174 | D:3      | Reached XP level 5. HP: 21/28 MP: 3/6
  2232 | D:3      | Found a blossoming altar of Fedhas.
  2564 | D:4      | Found an opulent altar of Gozag.
  2638 | D:4      | Found a glowing silver altar of Zin.
  2840 | D:4      | Reached XP level 6. HP: 31/33 MP: 4/7
  2938 | D:4      | Found a runed translucent door.
  3329 | D:4      | Noticed ma3's ghost (novice OpCj)
  3358 | D:5      | Entered Level 5 of the Dungeon
  3367 | D:5      | Reached skill level 1 in Dodging
  3367 | D:5      | Reached skill level 5 in Stealth
  3373 | D:5      | Found a glowing golden altar of the Shining One.
  3437 | D:5      | Reached XP level 7. HP: 36/37 MP: 8/8
  3531 | D:2      | Bought a twisted chain mail for 190 gold pieces
  3531 | D:2      | Identified the +2 chain mail of Deutorycwu {+Inv} (You
                  | bought it in a shop on level 2 of the Dungeon)
  3671 | D:4      | Reached skill level 5 in Short Blades
  3895 | D:5      | Noticed Sigmund
  3904 | D:5      | Killed Sigmund
  3905 | D:5      | Gained mutation: You have razor-sharp teeth. [Vine Stalker
                  | growth]
  3905 | D:5      | Reached XP level 8. HP: 42/42 MP: 9/9
  4202 | D:5      | Found a radiant altar of Vehumet.
  5061 | D:6      | Found a staircase to the Ecumenical Temple.
  5099 | D:6      | Found a sparkling altar of Nemelex Xobeh.
  5132 | Temple   | Entered the Ecumenical Temple
  5311 | D:6      | Noticed a boulder beetle
  5637 | D:7      | Found a shimmering blue altar of Sif Muna.
  5815 | D:7      | Found a hide-covered altar of Uskayaw.
  5830 | D:7      | Became a worshipper of Uskayaw the Reveller
  5864 | D:7      | Reached * piety under Uskayaw
  5870 | D:7      | Reached ** piety under Uskayaw
  5950 | D:7      | Reached *** piety under Uskayaw
  5951 | D:7      | Reached skill level 1 in Invocations
  5956 | D:7      | Reached **** piety under Uskayaw
  6201 | D:7      | Reached skill level 2 in Invocations
  6596 | D:8      | Reached XP level 9. HP: 45/45 MP: 11/11
  6604 | D:8      | Reached ***** piety under Uskayaw
  6605 | D:8      | Reached skill level 3 in Invocations
  6617 | D:8      | Noticed Maurice
  6726 | D:8      | Found Aqoviseo's Magic Scroll Emporium.
  6891 | D:8      | Killed Maurice
  6892 | D:8      | Reached skill level 4 in Invocations
  7076 | D:2      | Bought an encrusted helmet for 190 gold pieces
  7076 | D:2      | Identified the +2 helmet of Apathy {rC+ Regen+ Str+2
                  | Stlth+} (You bought it in a shop on level 2 of the Dungeon)
  7975 | D:9      | Reached skill level 5 in Invocations
  8059 | D:9      | Found a staircase to the Lair.
  8064 | D:9      | Noticed a death yak
  8064 | D:9      | Noticed a death yak
  8075 | D:9      | Reached skill level 10 in Short Blades
  8077 | D:9      | Noticed a death yak
  8085 | D:9      | Killed a death yak
  8086 | D:9      | Reached skill level 6 in Invocations
  8086 | D:9      | Reached skill level 7 in Invocations
  8086 | D:9      | Reached XP level 10. HP: 33/49 MP: 14/16
  8093 | D:9      | Reached skill level 8 in Invocations
  8096 | D:9      | Reached ****** piety under Uskayaw
  8099 | D:9      | Killed a death yak
  8100 | D:9      | Reached skill level 9 in Invocations
  8164 | D:9      | Killed a death yak
  8165 | D:9      | Reached skill level 10 in Invocations
  8736 | D:2      | Bought a +0 kite shield for 63 gold pieces
  8930 | D:10     | Entered Level 10 of the Dungeon
  8938 | D:10     | Noticed a kobold demonologist
  8946 | D:10     | Killed a kobold demonologist
  8947 | D:10     | Reached skill level 1 in Evocations
  9057 | D:10     | Found a hazy altar of Hepliaklqana.
  9094 | D:10     | Found a stormy altar of Qazlal.
  9141 | D:10     | Reached skill level 1 in Shields
  9299 | D:10     | Found a staircase to the Orcish Mines.
  9316 | D:10     | Found a shimmering altar of Xom.
  9372 | D:10     | Reached XP level 11. HP: 45/54 MP: 15/19
  9984 | D:11     | Noticed a two-headed ogre
  9985 | D:11     | Noticed a wizard
  9997 | D:11     | Killed a two-headed ogre
  9998 | D:11     | Reached skill level 5 in Fighting
  9998 | D:11     | Noticed a deep elf pyromancer
 10020 | D:11     | Found a portal to a secret trove of treasure.
 10108 | D:11     | Noticed a manticore
 10174 | D:11     | Noticed a centaur warrior
 10175 | D:11     | Killed a wizard
 10207 | Orc:1    | Entered Level 1 of the Orcish Mines
 10207 | Orc:1    | Found Arurhinn's Armour Emporium.
 10491 | Orc:1    | Noticed an orc knight
 10663 | Orc:1    | Killed an orc knight
 10937 | Orc:1    | Bought the +4 ring mail "Eclomm" {rPois} for 528 gold
                  | pieces
 11000 | Lair:1   | Entered Level 1 of the Lair of Beasts
 11167 | Lair:1   | Noticed a seven-headed hydra
 11178 | Lair:1   | Killed a seven-headed hydra
 11491 | Lair:1   | Noticed Joseph
 11496 | Lair:1   | Killed Joseph
 11497 | Lair:1   | Reached XP level 12. HP: 60/60 MP: 21/21
 11508 | Lair:1   | Noticed Erica
 11517 | Lair:1   | Killed Erica
 11543 | Lair:1   | Noticed Gastronok
 11561 | Lair:1   | Killed Gastronok
 11562 | Lair:1   | Reached skill level 11 in Invocations
 12227 | Lair:1   | Noticed a fire dragon
 12531 | Lair:2   | Found a gate leading to a gauntlet.
 12549 | Gauntlet | Entered a Gauntlet
 12549 | Gauntlet | Found a transporter.
 12558 | Gauntlet | Found a transporter.
 12574 | Gauntlet | Found a transporter.
 12578 | Gauntlet | Noticed a death yak
 12580 | Gauntlet | Noticed a death yak
 12581 | Gauntlet | Noticed a death yak
 12581 | Gauntlet | Noticed a death yak
 12581 | Gauntlet | Noticed a death yak
 12582 | Gauntlet | Noticed a death yak
 12584 | Gauntlet | Found a transporter.
 12603 | Gauntlet | Noticed a hell beast
 12604 | Gauntlet | Found a transporter.
 12617 | Gauntlet | Found a transporter.
 12634 | Gauntlet | Found a transporter.
 12638 | Gauntlet | Found a transporter.
 12638 | Gauntlet | Noticed an entropy weaver
 12646 | Gauntlet | Found a transporter.
 12665 | Gauntlet | Noticed a dire elephant
 12676 | Gauntlet | Found a transporter.
 12676 | Gauntlet | Found a transporter.
 12711 | Gauntlet | Found a transporter.
 12767 | Gauntlet | Identified the +0 cloak "Raydex" {rC+ Regen+ Int+3}
 12768 | Gauntlet | Identified the -5 pair of gloves of the Cobbler {rN+ Regen+
                  | Slay-3 SInv}
 12842 | Gauntlet | Identified the +0 hat of Onojol {rF- rC+ rN+}
 12971 | Gauntlet | Killed a hell beast
 12995 | Gauntlet | Noticed a minotaur
 13007 | Gauntlet | Killed a minotaur
 13008 | Gauntlet | Reached skill level 5 in Dodging
 13266 | Lair:2   | Noticed a four-headed hydra
 13274 | Lair:2   | Killed a four-headed hydra
 13352 | Lair:2   | Found a hole to the Spider Nest.
 13394 | Lair:2   | Reached skill level 10 in Stealth
 13451 | Lair:2   | Noticed a six-headed hydra
 13459 | Lair:2   | Killed a six-headed hydra
 14011 | Lair:3   | Noticed a seven-headed hydra
 14015 | Lair:3   | Noticed a death yak
 14016 | Lair:3   | Noticed a death yak
 14016 | Lair:3   | Noticed a death yak
 14018 | Lair:3   | Noticed a death yak
 14024 | Lair:3   | Noticed a death yak
 14047 | Lair:3   | Killed a death yak
 14054 | Lair:3   | Killed a death yak
 14055 | Lair:3   | Reached skill level 12 in Invocations
 14055 | Lair:3   | Reached XP level 13. HP: 68/68 MP: 21/23
 14643 | Lair:3   | Found a staircase to the Shoals.
 14931 | D:8      | Bought a scroll of enchant weapon for 82 gold pieces
 15297 | Lair:4   | Noticed Sonja
 15304 | Lair:4   | Killed Sonja
 16093 | Lair:5   | You fall into a shaft and drop 1 floor!
 16093 | Lair:6   | Entered Level 6 of the Lair of Beasts
 16145 | Lair:6   | Reached XP level 14. HP: 66/75 MP: 22/24
 16244 | Lair:5   | Reached skill level 13 in Invocations
 16473 | Lair:5   | Upgraded the game from 0.27-a0-1081-ge8a0a9c698 to
                  | 0.27-a0-1084-g78b3836a5f
 16490 | Lair:5   | Found a runed translucent door.
 16490 | Lair:5   | Found a viscous altar of Jiyva.
 16491 | Lair:5   | Found a staircase to the Slime Pits.
 16967 | Lair:6   | Reached skill level 10 in Fighting
 17481 | Lair:6   | Found a runed translucent door.
 17633 | Lair:6   | Paralysed by a hornet for 1 turns
 17696 | Lair:6   | Slain by a tyrant leech

Illustrated notes

Levels and vault maps discovered:
D:1:      dpeg_arrival_rhombus, layout_rooms, basic_ecumenical_altar,
          minmay_tetromino_i2
D:2:      layout_basic, serial_shops, shop_coins, nicolae_shop_behind_doors,
          shop
D:3:      layout_rooms, amcnicky_altar_gilded, lemuel_tele_altar, serial_shops,
          shop
D:4:      layout_basic, marbit_many_paths, kennysheep_mini_moat,
          ebering_ghost_reflecting_pool, grunt_decor_fettered
D:5:      layout_cave_pods, fiery_altar_vehumet, lemuel_crystal_altar,
          serial_column_ruins, column_ruins_hut, column_ruins_hut,
          column_ruins_corridor_T, column_ruins_grid_1,
          column_ruins_corridor_corner, minmay_chambers_of_fives, uniq_sigmund
D:6:      layout_basic, nicolae_overflow_hidden_temple,
          minmay_temple_entry_enclosed_plants, minmay_three_doors
D:7:      layout_loops_ring, lemuel_doored_altar, lemuel_round_altar,
          grunt_decor_one_mirror, minmay_liquid_box, corexii_checkpoint_a,
          hellmonk_bongcloud_opening
D:8:      layout_cave_pools, serial_shops, shop, uniq_maurice
D:9:      layout_roguey, dpeg_lair_monsters, serial_aquarium,
          aquarium_bridge_island_large [aquarium_subvault_large_open,
          aquarium_subvault_wall, aquarium_subvault_balcony,
          aquarium_subvault_wall, aquarium_subvault_bridge],
          aquarium_window_corner, aquarium_window_fake, aquarium_window_fake,
          aquarium_view_2d, aquarium_pool_S
D:10:     layout_long_grid, nicolae_qazlal_general_emergency,
          lemuel_crystal_altar, lemuel_coloured_pillars_altar, orc_0_dummy,
          grunt_ministairs_13, serial_bayou_pond_c
D:11:     minmay_cut_squares, layout_cave_pools, nicolae_trove_entry_columns,
          minmay_statue_crystal_thing
Temple:   eino_wide_crystal_templ
Lair:1:   dragon1_lemuel, layout_layer_cave, uniq_joseph, uniq_erica,
          uniq_gastronok
Lair:2:   layout_long_grid, spider_nest_entry_funnel_web, gauntlet_entry_generic
Lair:3:   layout_concentric_octagons, minmay_shoals_entry_beasts, minivault_11,
          guppyfry_lair_drakes
Lair:4:   layout_cave_pods, special_room [special_room_bee], uniq_sonja
Lair:5:   layout_gridlike, slime_altar_2
Lair:6:   wormcave, layout_cave_shapes, hangedman_lair_caniforms_friends
Orc:1:    layout_caves, serial_shops, nicolae_shop_statue_plus, basic_altar

Skill      XL: |  1  2  3  4  5  6  7  8  9 10 11 12 13 14 |
---------------+-------------------------------------------+-----
Fighting       | 2 3 4 5 7 9 10 | 10.5
Short Blades   | 2 3 4 6 8 10 | 10.0
Dodging        | 1 2 4 6 7 8 |  8.0
Stealth        | 5 6 8 10 11 12 | 12.0
Invocations    | 2 7 10 12 13 | 13.7
Evocations     | 1 4 |  4.0
Shields        | 1 3 4 |  4.0
Throwing       | |  1.7

Action                   |  1- 3 |  4- 6 |  7- 9 | 10-12 | 13-15 || total
-------------------------+-------+-------+-------+-------+-------++-------
Melee: Dagger            |    80 |   109 |   230 |   487 |   399 ||  1305
       Bite              |    12 |    36 |    98 |   225 |   155 ||   526
       Unarmed           |       |       |     1 |       |       ||     1
Throw: Dart              |       |       |    21 |    20 |       ||    41
Invok: Grand Finale      |       |       |       |     1 |     1 ||     2
 Abil: Evoke Invisibilit |       |       |       |     2 |       ||     2
Evoke: Wand              |       |       |     4 |    15 |       ||    19
  Use: Scroll            |     5 |     9 |     3 |    12 |     4 ||    33
       Potion            |       |       |       |     2 |       ||     2
 Stab: Sleeping          |     7 |     5 |       |    10 |    22 ||    44
       Paralysed         |       |       |     6 |    26 |    36 ||    68
       Invisible         |       |       |       |     3 |       ||     3
       Distracted        |       |       |       |     1 |     4 ||     5
Armor: Robe              |     6 |       |       |       |       ||     6
       Ring mail         |     7 |    33 |       |    43 |    59 ||   142
       Chain mail        |       |       |    72 |   149 |       ||   221
Dodge: Dodged            |    36 |    55 |    49 |   198 |   118 ||   456
Block: Kite shield       |       |       |       |   251 |   117 ||   368

Table legend: (Time is in decaauts)
 A = Elapsed time spent in this place.
 B = Non-inter-level travel time spent in this place.
 C = Inter-level travel time spent in this place.
 D = Time resting spent in this place.
 E = Time spent auto-exploring this place.
 F = Levels seen in this place.
 G = Mean time per level.
                   A        B        C        D        E       F      G
               +--------+--------+--------+--------+--------+-----+--------+
         Total |  17402 |  15184 |   2218 |    832 |  11434 |  20 |  870.1 |
       Dungeon |  10248 |   8426 |   1822 |    604 |   6405 |  11 |  931.6 |
        Temple |     54 |     42 |     12 |      0 |     42 |   1 |   54.0 |
          Lair |   5999 |   5641 |    358 |    152 |   4454 |   6 |  999.8 |
  Orcish Mines |    599 |    573 |     26 |     56 |    370 |   1 |  599.0 |
      Gauntlet |    500 |    500 |      0 |     19 |    163 |   1 |  500.0 |
               +--------+--------+--------+--------+--------+-----+--------+

Top non-repeatable levels by time:
  Lair:1: 1579 daAuts
     D:6: 1373 daAuts
     D:7: 1183 daAuts
     D:4: 1118 daAuts
    D:10: 1079 daAuts
     D:5: 970 daAuts
  Lair:4: 947 daAuts
  Lair:6: 936 daAuts
  Lair:2: 933 daAuts
     D:1: 917 daAuts
     D:2: 908 daAuts
     D:3: 907 daAuts
     D:9: 906 daAuts
  Lair:3: 901 daAuts
  Lair:5: 701 daAuts
